 Dungeon Crawl Stone Soup version 0.30.0-11-gf55b779eaf (webtiles) character file.

Game seed: 8052216439554681517

769 wingedge the Stinger (level 7, 0/46 HPs)
             Began as an Octopode Venom Mage on May 16, 2023.
             Was an Initiate of Vehumet.
             Succumbed to a water moccasin's poison
             ... on level 5 of the Dungeon.
             The game lasted 00:30:17 (5660 turns).

wingedge the Stinger (Octopode Venom Mage)          Turns: 5660, Time: 00:30:17

Health: 0/46       AC:  1    Str: 17    XL:     7   Next: 82%
Magic:  7/12       EV: 13    Int: 22    God:    Vehumet [......]
Gold:   218        SH:  0    Dex: 10    Spells: 2/13 levels left

rFire   . . .        a - +2 dagger (venom)
rCold   . . .        (no shield)
rNeg    . . .        (helmet restricted)
rPois   .            (no amulet)
rElec   .            n - +6 ring of strength
rCorr   .            (no ring)
SInv    .            (no ring)
Will    .....        (no ring)
Stlth   ++++         (no ring)
HPRegen 0.27/turn    (no ring)
MPRegen 0.13/turn    (no ring)
                     (no ring)

%: no passive effects
@: mighty, lethally poisoned (0 -> -3), on berserk cooldown, slowed, very slow
A: almost no armour, amphibious, 8 rings, camouflage 1, gelatinous body 1,
(nimble swimmer 1), tentacles, clever 1, strong 1, inability to read after
injury 1
a: Renounce Religion


You were on level 5 of the Dungeon.
You worshipped Vehumet.
Vehumet was noncommittal.
You visited 2 branches of the dungeon, and saw 7 of its levels.

You collected 218 gold pieces.

Inventory:

Hand Weapons
 a - a +2 dagger of venom (weapon)
 b - a +0 long sword of flaming
 t - a +0 mace
 w - a +0 sling
Missiles
 y - 2 curare-tipped darts (quivered)
Armour
 d - a +0 tower shield
Jewellery
 n - a +6 ring of strength (left tentacle)
 r - a ring of fire
Scrolls
 c - 2 scrolls of enchant armour
 g - 3 scrolls of amnesia
 i - 2 scrolls of fear
 j - 2 scrolls of enchant weapon {unknown}
 m - 3 scrolls of immolation
 o - a scroll of magic mapping {unknown}
 s - 2 scrolls of teleportation {unknown}
 x - a scroll of noise {unknown}
Potions
 l - 2 potions of magic
 q - 2 potions of flight
 A - a potion of brilliance {unknown}


   Skills:
 - Level 3.0 Fighting
 + Level 1.2 Long Blades
 - Level 2.0 Dodging
 - Level 5.0 Stealth
 + Level 3.6 Spellcasting
 - Level 2.0 Conjurations
 - Level 2.0 Transmutations
 - Level 2.0 Ice Magic
 - Level 3.0 Air Magic
 + Level 5.5 Poison Magic


You had 2 spell levels left.
You knew the following spells:

 Your Spells              Type           Power      Damage    Failure   Level
a - Sting                 Tmut/Pois      80%        1d7       2%          1
b - Poisonous Vapours     Pois/Air       44%        N/A       3%          2
c - Freeze                Ice            48%        1d6       5%          1
d - Mephitic Cloud        Conj/Pois/Air  19%        N/A       9%          3
e - Olgreb's Toxic Radia  Pois           28%        N/A       12%         4

Your spell library contained the following spells:

 Spells                   Type           Power      Damage    Failure   Level
 Frozen Ramparts          Ice            24%        1d4       16%         3
 Hailstorm                Conj/Ice       12%        3d5       16%         3
 Vhi's Electric Charge    Tloc/Air       20%        N/A       19%         3
 Arcjolt                  Conj/Air       7%         1d17      75%         5
 Plasma Beam              Fire/Air       5%         2x1d17    100%        6


Dungeon Overview and Level Annotations

Branches:
Dungeon (6/15)             Temple (1/1) D:4

Altars:
Dithmenos
Nemelex Xobeh
Qazlal
Sif Muna
Vehumet
Xom


Innate Abilities, Weirdness & Mutations

You cannot wear most types of armour.
You are amphibious.
You can wear up to eight rings at the same time.
Your skin changes colour to match your surroundings (Stealth+).
Your rubbery body absorbs attacks. (AC +1, EV +1)
((You are camouflaged when in or above water. (Stealth+)))
You have tentacles for arms and can constrict up to eight enemies at once.
Your mind is acute. (Int +4, Str/Dex -1)
Your muscles are strong. (Str +4, Int/Dex -1)
You occasionally lose the ability to read scrolls when taking damage.


Message History

Your Conjurations skill increases to level 2!
Your Air Magic skill increases to level 3!
You are lethally poisoned (9 -> -4).
You have 6 tentacles available for constriction.
Your movement speed is average.
Your attack delay is about 0.9.
Your damage rating with your +2 dagger of venom is about 6 (Base 4 x 105% (Dex) x 106% (Skill) + 2 (Ench)).
Your base attributes are Str 8, Int 19, Dex 12.
Okay, then.
Unknown command.
Okay, then.
Okay, then.
It was a potion of cancellation.
You feel magically purged.
* * * LOW HITPOINT WARNING * * *
You feel very sick.
Okay, then.
It was a potion of mutation.
You feel extremely strange.
You feel stronger.
You occasionally lose the ability to read scrolls when taking damage.
You feel clever.
* * * LOW HITPOINT WARNING * * *
You feel sick.
It was a potion of might.
You feel very mighty all of a sudden.
* * * LOW HITPOINT WARNING * * *
You feel sick.
It was a potion of berserk rage.
A red film seems to cover your vision as you go berserk!
You feel yourself moving faster!
You feel mighty!
* * * LOW HITPOINT WARNING * * *
You feel sick.
You feel a strong urge to attack something.
* * * LOW HITPOINT WARNING * * *
You feel sick.
You feel your anger nearly subside.
* * * LOW HITPOINT WARNING * * *
You feel sick.
You are no longer berserk.
You are exhausted.
You feel yourself slow down.
You die...

# #. ## #.##########
#### .. ..........# #...
#. #.###...# ##...
####..#.......######....
......†@................
...#..#.......######....
.......###...# #...#
##.#..#.# #...# #...#
........# #...######...#
##.#....................
.. !
........#########...# ..
......................
.. .............


There were no monsters in sight!

Vanquished Creatures
  Sigmund (D:3)
  A water moccasin (D:5)
  2 phantoms (D:4)
  Terence (D:3)
  Natasha (twice) (D:3)
  2 iguanas (D:5)
  An orc wizard (D:4)
  Robin (D:3)
  4 gnolls
  4 adders
  3 ufetubi
  An adder zombie (D:3)
  2 dart slugs
  5 orcs
  7 ball pythons
  4 bats
  4 endoplasms
  A giant cockroach (D:1)
  13 goblins
  11 hobgoblins
  A jackal (D:4)
  5 quokkas
  3 frilled lizards
  5 kobolds
  4 rats
88 creatures vanquished.

Notes
Turn   | Place    | Note
-------+----------+-------------------------------------------
     0 | D:1      | wingedge the Octopode Venom Mage began the quest for the
                  | Orb.
     0 | D:1      | Reached XP level 1. HP: 11/11 MP: 3/3
    10 | D:1      | You fall into a shaft and drop 1 floor!
   258 | D:1      | Reached XP level 2. HP: 17/17 MP: 3/5
   696 | D:1      | Learned a level 2 spell: Poisonous Vapours
   984 | D:2      | Reached skill level 1 in Fighting
   984 | D:2      | Reached XP level 3. HP: 21/23 MP: 1/6
  1686 | D:2      | Reached XP level 4. HP: 28/28 MP: 0/7
  1840 | D:2      | Reached skill level 1 in Air Magic
  1840 | D:2      | Found a shimmering altar of Xom.
  1852 | D:2      | Learned a level 1 spell: Freeze
  2210 | D:3      | Noticed Terence
  2223 | D:3      | Killed Terence
  2377 | D:3      | Reached XP level 5. HP: 33/33 MP: 1/8
  2377 | D:3      | Noticed Robin
  2534 | D:3      | Noticed Sigmund
  2802 | D:3      | Killed Sigmund
  2803 | D:3      | Reached skill level 1 in Ice Magic
  2803 | D:3      | Reached XP level 6. HP: 22/40 MP: 1/10
  2974 | D:3      | Noticed Natasha
  2981 | D:3      | Killed Natasha
  3047 | D:3      | Learned a level 3 spell: Mephitic Cloud
  3052 | D:3      | Learned a level 4 spell: Olgreb's Toxic Radiance
  3122 | D:3      | Killed Robin
  3548 | D:3      | Noticed Natasha
  3560 | D:3      | Killed Natasha
  3643 | D:4      | Reached skill level 5 in Poison Magic
  3772 | D:4      | Reached XP level 7. HP: 44/45 MP: 5/11
  3862 | D:4      | Found a staircase to the Ecumenical Temple.
  3880 | Temple   | Entered the Ecumenical Temple
  3917 | Temple   | Became a worshipper of Vehumet
  4489 | D:5      | Entered Level 5 of the Dungeon
  4526 | D:4      | Reached skill level 1 in Conjurations
  4723 | D:4      | Reached skill level 5 in Stealth
  5653 | D:5      | Reached skill level 1 in Long Blades
  5654 | D:5      | Gained mutation: Your muscles are strong. (Str +4, Int/Dex
                  | -1) [potion of mutation]
  5654 | D:5      | Gained mutation: You occasionally lose the ability to read
                  | scrolls when taking damage. [potion of mutation]
  5654 | D:5      | Gained mutation: Your mind is acute. (Int +4, Str/Dex -1)
                  | [potion of mutation]
  5655 | D:5      | HP: 2/46 [poisoned by a water moccasin]
  5660 | D:5      | Succumbed to a water moccasin's poison

Illustrated notes

Levels and vault maps discovered:
D:1:      ncdulo_smallfort, layout_basic
D:2:      layout_basic, basic_altar
D:3:      layout_loops_ring, dilly_guarded_unrand_morg, uniq_sigmund,
          uniq_terence, uniq_robin
D:4:      layout_rooms, minmay_temple_entry_overgrown, minmay_puff
D:5:      layout_basic, nicolae_ru_path_of_blood, uniq_grinder
D:6:      layout_loops_corners, mainiacjoe_overflow_cross_hatched,
          dreamdust_princess_corridor, grunt_ministairs_2, serial_bayou_pond_c,
          minmay_bent
Temple:   mainiacjoe_temple_bowtie_tessellation

Skill      XL: |  1  2  3  4  5  6  7 |
---------------+----------------------+-----
Stealth        | 3 4 5 |  5.0
Fighting       | 1 2 3 |  3.0
Transmutations | 2 |  2.0
Poison Magic   | 4 5 |  5.5
Air Magic      | 1 2 3 |  3.0
Ice Magic      | 1 2 |  2.0
Spellcasting   | 3 |  3.6
Conjurations   | 2 |  2.0
Long Blades    | 1 |  1.2
Dodging        | |  2.0

Action                     |  1- 3 |  4- 6 |  7- 9 || total
---------------------------+-------+-------+-------++-------
  Melee: Constrict         |     3 |    13 |     8 ||    24
         Unarmed           |     1 |       |       ||     1
         Short sword       |     7 |       |       ||     7
         Dagger            |       |    40 |    17 ||    57
         Tentacles         |       |     9 |     9 ||    18
         Punch             |       |     1 |       ||     1
         Long sword        |       |       |    16 ||    16
  Throw: Dart              |       |       |     3 ||     3
   Cast: Sting             |    50 |    35 |    15 ||   100
         Poisonous Vapours |     6 |    48 |    10 ||    64
         Freeze            |       |       |     6 ||     6
         Mephitic Cloud    |       |       |     1 ||     1
    Use: Potion            |       |     2 |     5 ||     7
         Scroll            |       |       |     8 ||     8
   Stab: Sleeping          |       |     1 |     2 ||     3
 Armour: Skin              |     2 |     4 |     2 ||     8
  Dodge: Dodged            |    20 |    26 |    10 ||    56
  Block: Tower shield      |       |       |    10 ||    10
